Toronto Maple Leafs vs Minnesota North Stars
(R1)
Created - Tuesday, May 14, 2024 at 07:29
Goals
|
| Toronto Maple Leafs |
0 |
0 |
2 |
0 |
1 |
2 |
| Minnesota North Stars |
1 |
1 |
0 |
0 |
2 |
3 |
|
Shots
|
| Toronto Maple Leafs |
15 |
15 |
8 |
1 |
5 |
39 |
| Minnesota North Stars |
7 |
8 |
20 |
2 |
5 |
37 |
|
1st period
1. Minnesota North Stars , Viktor Arvidsson 16 (Jack Hughes 29, Frank Vatrano 29) at 6:45
Penalties :
Brandon Montour (MNS) for Holding (Minor) at 0:37, Brady Tkachuk (TOR) for Hooking (Minor) at 15:49
2nd period
2. Minnesota North Stars , Brock Nelson 19 (Brandon Montour 27, Ryan Nugent-Hopkins 46) at 17:15
Penalties :
Jamie Oleksiak (MNS) for Interference (Minor) at 2:52, Brandon Montour (MNS) for Kneeing (Minor) at 5:10, Evgeni Malkin (MNS) for Hooking (Minor) at 8:42
3rd period
3. Toronto Maple Leafs , Troy Terry 27 (Brady Tkachuk 39, Brandon Saad 26) at 0:51
4. Toronto Maple Leafs , Troy Terry 28 (Brady Tkachuk 40, Sam Bennett 38) at 10:45 (PP)
Penalties :
Trevor Zegras (TOR) for Roughing (Minor) at 1:10, Jamie Oleksiak (MNS) for Hooking (Minor) at 8:54, Scott Laughton (TOR) for High sticking (Minor) at 17:50
Overtime #1
No Goal
Penalties :
No Penalty
Shootout
Toronto Maple Leafs, Brady Tkachuk - Stopped by Antti Raanta
Minnesota North Stars, Ryan Nugent-Hopkins - Stopped by Cam Talbot
Toronto Maple Leafs, Sam Bennett - Stopped by Antti Raanta
Minnesota North Stars, Evgeni Malkin - Stopped by Cam Talbot
Toronto Maple Leafs, Scott Laughton - Stopped by Antti Raanta
Minnesota North Stars, Brock Nelson - Stopped by Cam Talbot
Toronto Maple Leafs, Trevor Zegras - Goal!
Minnesota North Stars, Jeff Skinner - Goal!
Toronto Maple Leafs, Troy Terry - Shot Misses the Net
Minnesota North Stars, Jack Hughes - Goal!
Penalties :
No Penalty
Goalie Stats
Cam Talbot (TOR), 35 saves from 37 shots - (0.946), OTL, 32-17-3, 65:00 minutes
Antti Raanta (MNS), 37 saves from 39 shots - (0.949), W, 17-17-2, 65:00 minutes
Players Stats for Toronto Maple Leafs
Player Name G A P +/- PIM S H SB GA TA FO MP PP MP PK MP
------------------------------------------------------------------------------------
Aaron Ekblad 0 0 0 -1 0 3 1 3 0 0 0/0 28:38 4:06 3:37
Andrew Mangiapane 0 0 0 -1 0 2 1 0 1 1 0/0 13:03 0:03 0:00
Brady Tkachuk 0 2 2 0 2 6 2 0 1 0 5/8 21:39 5:44 1:51
Brandon Saad 0 1 1 0 0 1 2 1 0 0 0/1 18:09 4:00 0:29
Cody Ceci 0 0 0 -1 0 0 1 2 0 0 0/0 28:38 4:06 3:37
Dougie Hamilton 0 0 0 -1 0 2 3 0 1 0 0/0 25:10 5:41 2:20
Kyle Okposo 0 0 0 0 0 2 0 0 0 0 0/0 6:26 0:00 0:00
Luke Schenn 0 0 0 1 0 1 0 0 0 0 0/0 11:12 0:00 0:00
Mario Ferraro 0 0 0 1 0 1 0 2 0 0 0/0 11:12 0:00 0:00
Nick Bjugstad 0 0 0 0 0 0 0 1 0 0 1/2 6:45 0:03 0:00
Nicolas Roy 0 0 0 -1 0 5 0 1 0 0 1/4 13:03 0:03 0:00
Nino Niederreiter 0 0 0 -1 0 1 1 0 0 0 1/2 14:57 0:00 2:32
Ryan Pulock 0 0 0 -1 0 1 0 2 0 1 0/0 25:10 5:41 2:20
Sam Bennett 0 1 1 0 0 2 1 0 0 0 12/20 21:51 5:44 2:22
Scott Laughton 0 0 0 0 2 2 4 0 0 0 12/25 21:24 4:00 1:52
Trevor Zegras 0 0 0 0 2 3 0 2 2 0 0/2 21:49 4:00 1:57
Troy Terry 2 0 2 0 0 7 0 1 1 0 0/3 18:28 5:44 0:51
Warren Foegele 0 0 0 0 0 0 1 1 0 0 0/0 6:26 0:00 0:00
Players Stats for Minnesota North Stars
Player Name G A P +/- PIM S H SB GA TA FO MP PP MP PK MP
------------------------------------------------------------------------------------
Adam Lowry 0 0 0 0 0 1 1 0 0 0 3/5 17:03 0:00 4:02
Brandon Montour 0 1 1 1 4 3 3 0 0 0 0/0 21:19 3:19 0:00
Brock Nelson 1 0 1 1 0 5 2 1 0 0 0/0 14:01 2:59 0:00
Eeli Tolvanen 0 0 0 0 0 1 0 0 0 0 0/0 7:59 0:00 0:00
Evan Rodrigues 0 0 0 0 0 1 0 1 0 0 0/0 7:54 0:00 0:00
Evgeni Malkin 0 0 0 0 2 1 1 0 0 2 12/19 17:17 2:58 0:00
Frank Vatrano 0 1 1 0 0 3 1 0 1 0 0/1 14:22 2:58 0:00
Gustav Forsling 0 0 0 1 0 1 0 2 0 1 0/0 24:15 2:38 4:17
Jack Hughes 0 1 1 0 0 3 1 0 0 1 10/23 18:28 2:59 0:27
Jamie Oleksiak 0 0 0 0 4 0 0 2 0 0 0/0 19:58 0:00 3:10
Jeff Skinner 0 0 0 1 0 4 0 0 0 0 2/2 16:23 2:59 0:11
Jonathan Toews 0 0 0 0 0 2 1 1 0 0 2/3 14:22 0:00 5:21
Neal Pionk 0 0 0 0 0 0 0 0 0 2 0/0 19:13 0:00 4:17
Rasmus Dahlin 0 0 0 0 0 3 2 2 1 0 0/0 25:58 3:19 5:30
Ryan Nugent-Hopkins 0 1 1 1 0 3 2 1 0 0 6/13 20:26 2:58 4:12
Sean Durzi 0 0 0 0 0 1 0 1 0 0 0/0 20:12 2:38 2:20
Viktor Arvidsson 1 0 1 0 0 4 2 0 0 0 0/1 13:26 0:00 0:00
Zach Parise 0 0 0 0 0 1 0 0 0 0 0/0 17:32 0:00 5:21
3 Stars
1 - Antti Raanta (MNS)
2 - Troy Terry (TOR)
3 - Brock Nelson (MNS)
Power Play
Toronto Maple Leafs - 1 on 5 Attempt(s) - 20.00%
Minnesota North Stars - 0 on 3 Attempt(s) - 0.00%
Penalty Kill
Toronto Maple Leafs - 3 on 3 Attempt(s) - 100.00%
- Score 0 goal in Penalty Kill
Minnesota North Stars - 4 on 5 Attempt(s) - 80.00%
- Score 0 goal in Penalty Kill
Team Stat
Toronto Maple Leafs - Hits : 17 - Faceoff Wins : 32 - Blocked Shots : 16 - Penalty Minutes : 6
Minnesota North Stars - Hits : 16 - Faceoff Wins : 35 - Blocked Shots : 11 - Penalty Minutes : 10
Official
Referees : Dave Jackson and Brian Pochmara
Linesman : Ryan Gibbons and David Brisebois
Game Notes
No Game Note
Finance
Level 1 -- Attendance: 4942 (82.37%) -- Ticket Income $494,200
Level 2 -- Attendance: 3917 (78.34%) -- Ticket Income $235,020
Level 3 -- Attendance: 2242 (74.73%) -- Ticket Income $78,470
Level 4 -- Attendance: 3719 (74.38%) -- Ticket Income $92,975
Luxury Box -- Attendance: 778 (77.80%) -- Ticket Income $155,600
Game was played at the Met Center.
Total Attendance: 15598 (77.99%)
Total Ticket Income: $1,056,265
Other Income: $369,693
Total Income: $1,425,958
Toronto Maple Leafs
5 vs 5 Forward
Center Left Wing Right Wing Time % Phy DF OF
1 Sam Bennett Brady Tkachuk Troy Terry 30 1 2 2
2 Scott Laughton Trevor Zegras Brandon Saad 30 1 2 2
3 Nicolas Roy Andrew Mangiapane Nino Niederreiter 25 1 2 2
4 Nick Bjugstad Warren Foegele Kyle Okposo 15 1 2 2
5 vs 5 Defense
Defense Defense Time % Phy DF OF
1 Aaron Ekblad Cody Ceci 30 1 2 2
2 Dougie Hamilton Ryan Pulock 30 1 2 2
3 Mario Ferraro Luke Schenn 25 1 2 2
4 Aaron Ekblad Cody Ceci 15 1 2 2
PowerPlay Forward
Center Left Wing Right Wing Time % Phy DF OF
1 Sam Bennett Brady Tkachuk Troy Terry 50 1 2 2
2 Scott Laughton Trevor Zegras Brandon Saad 50 1 2 2
PowerPlay Defense
Defense Defense Time % Phy DF OF
1 Aaron Ekblad Cody Ceci 50 1 2 2
2 Dougie Hamilton Ryan Pulock 50 1 2 2
Penalty Kill 4 Players Forward
Center Wing Time % Phy DF OF
1 Brady Tkachuk Sam Bennett 50 1 2 2
2 Scott Laughton Trevor Zegras 50 1 2 2
Penalty Kill 4 Players Defense
Defense Defense Time % Phy DF OF
1 Aaron Ekblad Cody Ceci 50 1 2 2
2 Dougie Hamilton Ryan Pulock 50 1 2 2
Penalty Kill - 3 Players Forward
Forward Time % Phy DF OF
1 Brady Tkachuk 50 1 2 2
2 Sam Bennett 50 1 2 2
Penalty Kill - 3 Players Defense
Defense Defense Time % Phy DF OF
1 Aaron Ekblad Cody Ceci 50 1 2 2
2 Dougie Hamilton Ryan Pulock 50 1 2 2
4 vs 4 Forward
Center Wing Time % Phy DF OF
1 Brady Tkachuk Sam Bennett 50 1 2 2
2 Scott Laughton Trevor Zegras 50 1 2 2
4 vs 4 Defense
Defense Defense Time % Phy DF OF
1 Aaron Ekblad Cody Ceci 50 1 2 2
2 Dougie Hamilton Ryan Pulock 50 1 2 2
Last Minutes Offensive
Center Left Wing Right Wing Defense Defense
Sam Bennett Brady Tkachuk Troy Terry Aaron Ekblad Cody Ceci
Last Minutes Defensive
Center Left Wing Right Wing Defense Defense
Sam Bennett Brady Tkachuk Troy Terry Aaron Ekblad Cody Ceci
Goaltenders
Starting : Cam Talbot
Backup : Frederik Andersen
Extra Forwards
Normal : Andrew Mangiapane, Nicolas Roy, Nino Niederreiter - PP : Andrew Mangiapane, Nicolas Roy - PK : Nino Niederreiter
Extra Defensemen
Normal : Mario Ferraro, Luke Schenn, Dougie Hamilton - PP : Mario Ferraro - PK : Luke Schenn, Dougie Hamilton
Penalty Shots
Brady Tkachuk, Sam Bennett, Scott Laughton, Trevor Zegras, Troy Terry
Minnesota North Stars
5 vs 5 Forward
Center Left Wing Right Wing Time % Phy DF OF
1 Ryan Nugent-Hopkins Brock Nelson Jeff Skinner 30 1 2 2
2 Evgeni Malkin Frank Vatrano Zach Parise 29 1 2 2
3 Jack Hughes Viktor Arvidsson Adam Lowry 29 1 2 2
4 Jonathan Toews Evan Rodrigues Eeli Tolvanen 12 1 2 2
5 vs 5 Defense
Defense Defense Time % Phy DF OF
1 Rasmus Dahlin Jamie Oleksiak 34 1 3 1
2 Brandon Montour Gustav Forsling 33 1 3 1
3 Neal Pionk Sean Durzi 33 1 3 1
4 Rasmus Dahlin Brandon Montour 0 1 3 1
PowerPlay Forward
Center Left Wing Right Wing Time % Phy DF OF
1 Jack Hughes Brock Nelson Jeff Skinner 50 1 1 3
2 Evgeni Malkin Ryan Nugent-Hopkins Frank Vatrano 50 1 1 3
PowerPlay Defense
Defense Defense Time % Phy DF OF
1 Rasmus Dahlin Brandon Montour 50 1 2 2
2 Sean Durzi Gustav Forsling 50 1 2 2
Penalty Kill 4 Players Forward
Center Wing Time % Phy DF OF
1 Jonathan Toews Zach Parise 50 2 2 1
2 Adam Lowry Ryan Nugent-Hopkins 50 2 2 1
Penalty Kill 4 Players Defense
Defense Defense Time % Phy DF OF
1 Rasmus Dahlin Jamie Oleksiak 50 2 2 1
2 Neal Pionk Gustav Forsling 50 2 2 1
Penalty Kill - 3 Players Forward
Forward Time % Phy DF OF
1 Ryan Nugent-Hopkins 50 1 3 1
2 Evgeni Malkin 50 1 3 1
Penalty Kill - 3 Players Defense
Defense Defense Time % Phy DF OF
1 Rasmus Dahlin Jamie Oleksiak 50 2 2 1
2 Neal Pionk Gustav Forsling 50 2 2 1
4 vs 4 Forward
Center Wing Time % Phy DF OF
1 Ryan Nugent-Hopkins Evgeni Malkin 50 1 2 2
2 Jack Hughes Jeff Skinner 50 1 2 2
4 vs 4 Defense
Defense Defense Time % Phy DF OF
1 Rasmus Dahlin Jamie Oleksiak 50 1 2 2
2 Brandon Montour Gustav Forsling 50 1 2 2
Last Minutes Offensive
Center Left Wing Right Wing Defense Defense
Ryan Nugent-Hopkins Brock Nelson Jeff Skinner Rasmus Dahlin Brandon Montour
Last Minutes Defensive
Center Left Wing Right Wing Defense Defense
Adam Lowry Ryan Nugent-Hopkins Zach Parise Rasmus Dahlin Jamie Oleksiak
Goaltenders
Starting : Antti Raanta
Backup : Stuart Skinner
Extra Forwards
Normal : Adam Lowry, Viktor Arvidsson, Jack Hughes - PP : Adam Lowry, Viktor Arvidsson - PK : Jack Hughes
Extra Defensemen
Normal : Neal Pionk, Sean Durzi, Jamie Oleksiak - PP : Neal Pionk - PK : Sean Durzi, Jamie Oleksiak
Penalty Shots
Ryan Nugent-Hopkins, Evgeni Malkin, Brock Nelson, Jeff Skinner, Jack Hughes
% Time on Ice - Toronto Maple Leafs
Lines # - Real PCT - Wanted PCT - Time Play
Normal Forward
1 - 27% - 30% - 11:49
2 - 31% - 30% - 13:54
3 - 27% - 25% - 12:07
4 - 15% - 15% - 6:26
Normal Defense
1 - 29% - 30% - 13:03
2 - 33% - 30% - 14:48
3 - 24% - 25% - 10:43
4 - 13% - 15% - 5:42
PP Forward
1 - 59% - 50% - 5:47
2 - 41% - 50% - 4:00
PP Defense
1 - 42% - 50% - 4:06
2 - 58% - 50% - 5:41
PK Forward
1 - 49% - 50% - 2:54
2 - 51% - 50% - 3:03
PK Defense
1 - 61% - 50% - 3:37
2 - 39% - 50% - 2:20
PK3 Forward
1 - 0% - 50%
2 - 0% - 50%
PK3 Defense
1 - 0% - 50%
2 - 0% - 50%
44 Forward
1 - 56% - 50% - 2:49
2 - 44% - 50% - 2:11
44 Defense
1 - 53% - 50% - 2:39
2 - 47% - 50% - 2:21
Last Minute Offensive - 0:00
Last Minute Defensive - 0:00
Total
Forward - 65:00
Defense - 65:00
|
% Time on Ice - Minnesota North Stars
Lines # - Real PCT - Wanted PCT - Time Play
Normal Forward
1 - 28% - 30% - 12:33
2 - 26% - 29% - 11:38
3 - 28% - 29% - 12:11
4 - 18% - 12% - 7:54
Normal Defense
1 - 34% - 34% - 14:57
2 - 34% - 33% - 14:56
3 - 32% - 33% - 14:23
4 - 0% - 0% - 0:00
PP Forward
1 - 50% - 50% - 2:59
2 - 50% - 50% - 2:58
PP Defense
1 - 56% - 50% - 3:19
2 - 44% - 50% - 2:38
PK Forward
1 - 55% - 50% - 5:21
2 - 45% - 50% - 4:26
PK Defense
1 - 56% - 50% - 5:30
2 - 44% - 50% - 4:17
PK3 Forward
1 - 0% - 50%
2 - 0% - 50%
PK3 Defense
1 - 0% - 50%
2 - 0% - 50%
44 Forward
1 - 50% - 50% - 2:30
2 - 50% - 50% - 2:30
44 Defense
1 - 52% - 50% - 2:36
2 - 48% - 50% - 2:24
Last Minute Offensive - 0:00
Last Minute Defensive - 0:00
Total
Forward - 65:00
Defense - 65:00
|
Play-by-Play
1st period
0:01 of 1st period - Jeff Skinner wins face-off versus Troy Terry in neutral zone.
0:12 of 1st period - Slapshot by Ryan Nugent-Hopkins.
0:12 of 1st period - Stopped by Cam Talbot with a rebound.
0:33 of 1st period - Backhand shot by Nicolas Roy.
0:33 of 1st period - Stopped by Antti Raanta without a rebound.
0:34 of 1st period - Evgeni Malkin wins face-off versus Scott Laughton in Minnesota North Stars zone.
0:34 of 1st period - Evgeni Malkin is hit by Scott Laughton.
0:37 of 1st period - Minor Penalty to Brandon Montour for Holding.
0:38 of 1st period - Sam Bennett wins face-off versus Jonathan Toews in Minnesota North Stars zone.
1:05 of 1st period - Rasmus Dahlin is hit by Scott Laughton and loses puck.
2:37 of 1st period - Penalty to Brandon Montour is over, Brandon Montour is back on ice.
4:10 of 1st period - Slapshot by Aaron Ekblad.
4:10 of 1st period - Stopped by Antti Raanta without a rebound.
4:11 of 1st period - Nick Bjugstad wins face-off versus Ryan Nugent-Hopkins in Minnesota North Stars zone.
5:01 of 1st period - Backhand shot by Brady Tkachuk.
5:01 of 1st period - Shot Misses the Net.
5:15 of 1st period - Evgeni Malkin is hit by Dougie Hamilton and loses puck.
5:47 of 1st period - Snap shot by Nicolas Roy.
5:47 of 1st period - Stopped by Antti Raanta with a rebound.
6:01 of 1st period - Jamie Oleksiak is hit by Brandon Saad and loses puck.
6:30 of 1st period - Snap shot by Eeli Tolvanen.
6:30 of 1st period - Stopped by Cam Talbot with a rebound.
6:37 of 1st period - Icing by Cody Ceci.
6:38 of 1st period - Evgeni Malkin wins face-off versus Sam Bennett in Toronto Maple Leafs zone.
6:45 of 1st period - Backhand shot by Viktor Arvidsson.
6:45 of 1st period - Goal by Viktor Arvidsson - Toronto Maple Leafs : 0 - Minnesota North Stars : 1.
6:46 of 1st period - Evgeni Malkin wins face-off versus Scott Laughton in neutral zone.
7:13 of 1st period - Brady Tkachuk is hit by Viktor Arvidsson and loses puck.
7:20 of 1st period - Snap shot by Troy Terry.
7:20 of 1st period - Stopped by Antti Raanta without a rebound.
7:21 of 1st period - Jack Hughes wins face-off versus Sam Bennett in Minnesota North Stars zone.
7:34 of 1st period - Wrist shot by Viktor Arvidsson.
7:34 of 1st period - Shot Misses the Net.
7:48 of 1st period - Trevor Zegras is hit by Brandon Montour and loses puck.
8:14 of 1st period - Brandon Montour is hit by Dougie Hamilton.
8:28 of 1st period - Slapshot by Nicolas Roy.
8:28 of 1st period - Stopped by Antti Raanta with a rebound.
8:30 of 1st period - Snap shot by Nicolas Roy.
8:30 of 1st period - Shot Blocked by Jonathan Toews.
8:56 of 1st period - Slapshot by Evan Rodrigues.
8:56 of 1st period - Shot Misses the Net.
9:14 of 1st period - Snap shot by Dougie Hamilton.
9:14 of 1st period - Shot Blocked by Evan Rodrigues.
9:16 of 1st period - Snap shot by Ryan Pulock.
9:16 of 1st period - Stopped by Antti Raanta with a rebound.
9:18 of 1st period - Snap shot by Andrew Mangiapane.
9:18 of 1st period - Shot Blocked by Gustav Forsling.
9:24 of 1st period - Wrist shot by Nicolas Roy.
9:24 of 1st period - Deflect By Andrew Mangiapane.
9:24 of 1st period - Stopped by Antti Raanta with a rebound.
9:36 of 1st period - Andrew Mangiapane is hit by Brandon Montour and loses puck.
10:09 of 1st period - Snap shot by Andrew Mangiapane.
10:09 of 1st period - Shot Misses the Net.
10:58 of 1st period - Backhand shot by Jonathan Toews.
10:58 of 1st period - Stopped by Cam Talbot with a rebound.
11:12 of 1st period - Slapshot by Dougie Hamilton.
11:12 of 1st period - Shot Misses the Net.
11:14 of 1st period - Snap shot by Nicolas Roy.
11:14 of 1st period - Stopped by Antti Raanta with a rebound.
11:16 of 1st period - Snap shot by Nicolas Roy.
11:16 of 1st period - Shot Blocked by Gustav Forsling.
11:24 of 1st period - Wrist shot by Andrew Mangiapane.
11:24 of 1st period - Shot Misses the Net.
11:30 of 1st period - Wrist shot by Andrew Mangiapane.
11:30 of 1st period - Stopped by Antti Raanta with a rebound.
11:38 of 1st period - Slapshot by Dougie Hamilton.
11:38 of 1st period - Deflect By Nicolas Roy.
11:38 of 1st period - Stopped by Antti Raanta without a rebound.
11:39 of 1st period - Evgeni Malkin wins face-off versus Trevor Zegras in Minnesota North Stars zone.
11:52 of 1st period - Snap shot by Evgeni Malkin.
11:52 of 1st period - Deflect By Frank Vatrano.
11:52 of 1st period - Stopped by Cam Talbot with a rebound.
11:57 of 1st period - Off-side.
11:58 of 1st period - Brady Tkachuk wins face-off versus Jack Hughes in neutral zone.
12:47 of 1st period - Wrist shot by Aaron Ekblad.
12:47 of 1st period - Stopped by Antti Raanta with a rebound.
12:49 of 1st period - Slapshot by Cody Ceci.
12:49 of 1st period - Shot Blocked by Ryan Nugent-Hopkins.
12:55 of 1st period - Snap shot by Kyle Okposo.
12:55 of 1st period - Stopped by Antti Raanta without a rebound.
12:56 of 1st period - Evgeni Malkin wins face-off versus Scott Laughton in Minnesota North Stars zone.
12:58 of 1st period - Frank Vatrano is hit by Cody Ceci and loses puck.
13:07 of 1st period - Snap shot by Frank Vatrano.
13:07 of 1st period - Shot Blocked by Cody Ceci.
13:32 of 1st period - Backhand shot by Brady Tkachuk.
13:32 of 1st period - Stopped by Antti Raanta without a rebound.
13:33 of 1st period - Ryan Nugent-Hopkins wins face-off versus Sam Bennett in Minnesota North Stars zone.
13:33 of 1st period - Ryan Nugent-Hopkins is hit by Brady Tkachuk.
13:39 of 1st period - Luke Schenn is hit by Brock Nelson and loses puck.
13:44 of 1st period - Snap shot by Jeff Skinner.
13:44 of 1st period - Stopped by Cam Talbot with a rebound.
13:46 of 1st period - Wrist shot by Jeff Skinner.
13:46 of 1st period - Stopped by Cam Talbot without a rebound.
13:47 of 1st period - Scott Laughton wins face-off versus Jack Hughes in Toronto Maple Leafs zone.
13:58 of 1st period - Slapshot by Brandon Saad.
13:58 of 1st period - Stopped by Antti Raanta with a rebound.
14:54 of 1st period - Jamie Oleksiak is hit by Scott Laughton and loses puck.
15:36 of 1st period - Off-side.
15:37 of 1st period - Scott Laughton wins face-off versus Evgeni Malkin in neutral zone.
15:44 of 1st period - Snap shot by Evgeni Malkin.
15:44 of 1st period - Shot Blocked by Brandon Saad.
15:46 of 1st period - Slapshot by Zach Parise.
15:46 of 1st period - Deflect By Brandon Saad.
15:46 of 1st period - Shot Blocked by Cody Ceci.
15:46 of 1st period - Puck is out of play.
15:47 of 1st period - Sam Bennett wins face-off versus Evgeni Malkin in Toronto Maple Leafs zone.
15:49 of 1st period - Minor Penalty to Brady Tkachuk for Hooking.
15:50 of 1st period - Nino Niederreiter wins face-off versus Jack Hughes in Toronto Maple Leafs zone.
16:16 of 1st period - Aaron Ekblad is hit by Rasmus Dahlin and loses puck.
17:49 of 1st period - Penalty to Brady Tkachuk is over, Brady Tkachuk is back on ice.
17:56 of 1st period - Warren Foegele is hit by Brandon Montour and loses puck.
18:35 of 1st period - Wrist shot by Nicolas Roy.
18:35 of 1st period - Shot Misses the Net.
18:49 of 1st period - Backhand shot by Trevor Zegras.
18:49 of 1st period - Deflect By Sam Bennett.
18:49 of 1st period - Shot Blocked by Jamie Oleksiak.
18:49 of 1st period - Puck is out of play.
18:50 of 1st period - Sam Bennett wins face-off versus Evgeni Malkin in Minnesota North Stars zone.
18:59 of 1st period - Snap shot by Brady Tkachuk.
18:59 of 1st period - Stopped by Antti Raanta with a rebound.
19:32 of 1st period - Icing by Trevor Zegras.
19:33 of 1st period - Scott Laughton wins face-off versus Jack Hughes in Toronto Maple Leafs zone.
19:33 of 1st period - Scott Laughton is hit by Jack Hughes.
Goals for this period are 0 for Toronto Maple Leafs vs 1 for Minnesota North Stars.
Shots for this period are 15 for Toronto Maple Leafs vs 7 for Minnesota North Stars.
2nd period
0:01 of 2nd period - Sam Bennett wins face-off versus Evgeni Malkin in neutral zone.
0:26 of 2nd period - Cody Ceci is hit by Adam Lowry and loses puck.
0:47 of 2nd period - Brock Nelson is hit by Nino Niederreiter and loses puck.
2:10 of 2nd period - Icing by Trevor Zegras.
2:11 of 2nd period - Scott Laughton wins face-off versus Ryan Nugent-Hopkins in Toronto Maple Leafs zone.
2:18 of 2nd period - Snap shot by Troy Terry.
2:18 of 2nd period - Stopped by Antti Raanta with a rebound.
2:52 of 2nd period - Minor Penalty to Jamie Oleksiak for Interference.
2:53 of 2nd period - Adam Lowry wins face-off versus Scott Laughton in Minnesota North Stars zone.
3:19 of 2nd period - Troy Terry is hit by Ryan Nugent-Hopkins and loses puck.
4:52 of 2nd period - Penalty to Jamie Oleksiak is over, Jamie Oleksiak is back on ice.
5:10 of 2nd period - Minor Penalty to Brandon Montour for Kneeing.
5:11 of 2nd period - Sam Bennett wins face-off versus Adam Lowry in Minnesota North Stars zone.
5:16 of 2nd period - Wrist shot by Troy Terry.
5:16 of 2nd period - Stopped by Antti Raanta with a rebound.
5:35 of 2nd period - Icing by Scott Laughton.
5:36 of 2nd period - Adam Lowry wins face-off versus Scott Laughton in Toronto Maple Leafs zone.
7:10 of 2nd period - Penalty to Brandon Montour is over, Brandon Montour is back on ice.
7:26 of 2nd period - Kyle Okposo is hit by Rasmus Dahlin and loses puck.
7:41 of 2nd period - Slapshot by Ryan Nugent-Hopkins.
7:41 of 2nd period - Stopped by Cam Talbot without a rebound.
7:42 of 2nd period - Nicolas Roy wins face-off versus Evgeni Malkin in Toronto Maple Leafs zone.
8:04 of 2nd period - Wrist shot by Andrew Mangiapane.
8:04 of 2nd period - Deflect By Nino Niederreiter.
8:04 of 2nd period - Stopped by Antti Raanta with a rebound.
8:24 of 2nd period - Adam Lowry is hit by Andrew Mangiapane and loses puck.
8:42 of 2nd period - Minor Penalty to Evgeni Malkin for Hooking.
8:43 of 2nd period - Jonathan Toews wins face-off versus Scott Laughton in Minnesota North Stars zone.
8:53 of 2nd period - Slapshot by Zach Parise.
8:53 of 2nd period - Stopped by Cam Talbot without a rebound.
8:54 of 2nd period - Jonathan Toews wins face-off versus Sam Bennett in Toronto Maple Leafs zone.
10:42 of 2nd period - Penalty to Evgeni Malkin is over, Evgeni Malkin is back on ice.
13:41 of 2nd period - Brock Nelson is hit by Scott Laughton and loses puck.
14:39 of 2nd period - Wrist shot by Trevor Zegras.
14:39 of 2nd period - Stopped by Antti Raanta without a rebound.
14:40 of 2nd period - Ryan Nugent-Hopkins wins face-off versus Trevor Zegras in Minnesota North Stars zone.
14:45 of 2nd period - Snap shot by Ryan Nugent-Hopkins.
14:45 of 2nd period - Shot Misses the Net.
14:51 of 2nd period - Wrist shot by Scott Laughton.
14:51 of 2nd period - Stopped by Antti Raanta with a rebound.
14:53 of 2nd period - Slapshot by Luke Schenn.
14:53 of 2nd period - Stopped by Antti Raanta without a rebound.
14:54 of 2nd period - Sam Bennett wins face-off versus Jack Hughes in Minnesota North Stars zone.
15:01 of 2nd period - Wrist shot by Brady Tkachuk.
15:01 of 2nd period - Stopped by Antti Raanta with a rebound.
15:03 of 2nd period - Slapshot by Aaron Ekblad.
15:03 of 2nd period - Shot Blocked by Jamie Oleksiak.
15:11 of 2nd period - Snap shot by Troy Terry.
15:11 of 2nd period - Stopped by Antti Raanta without a rebound.
15:12 of 2nd period - Scott Laughton wins face-off versus Frank Vatrano in Minnesota North Stars zone.
15:15 of 2nd period - Slapshot by Aaron Ekblad.
15:15 of 2nd period - Shot Misses the Net.
15:17 of 2nd period - Wrist shot by Aaron Ekblad.
15:17 of 2nd period - Stopped by Antti Raanta without a rebound.
15:18 of 2nd period - Evgeni Malkin wins face-off versus Scott Laughton in Minnesota North Stars zone.
15:35 of 2nd period - Snap shot by Frank Vatrano.
15:35 of 2nd period - Stopped by Cam Talbot with a rebound.
15:55 of 2nd period - Frank Vatrano is hit by Aaron Ekblad.
16:05 of 2nd period - Wrist shot by Trevor Zegras.
16:05 of 2nd period - Shot Misses the Net.
16:17 of 2nd period - Snap shot by Frank Vatrano.
16:17 of 2nd period - Stopped by Cam Talbot with a rebound.
16:43 of 2nd period - Slapshot by Brandon Saad.
16:43 of 2nd period - Deflect By Scott Laughton.
16:43 of 2nd period - Shot Misses the Net.
16:43 of 2nd period - Puck is out of play.
16:44 of 2nd period - Sam Bennett wins face-off versus Jack Hughes in Minnesota North Stars zone.
16:47 of 2nd period - Snap shot by Troy Terry.
16:47 of 2nd period - Shot Blocked by Rasmus Dahlin.
16:49 of 2nd period - Slapshot by Brady Tkachuk.
16:49 of 2nd period - Shot Misses the Net.
16:51 of 2nd period - Slapshot by Brady Tkachuk.
16:51 of 2nd period - Shot Misses the Net.
16:53 of 2nd period - Wrist shot by Troy Terry.
16:53 of 2nd period - Stopped by Antti Raanta with a rebound.
16:55 of 2nd period - Wrist shot by Brady Tkachuk.
16:55 of 2nd period - Stopped by Antti Raanta with a rebound.
16:57 of 2nd period - Wrist shot by Sam Bennett.
16:57 of 2nd period - Stopped by Antti Raanta with a rebound.
16:59 of 2nd period - Snap shot by Mario Ferraro.
16:59 of 2nd period - Stopped by Antti Raanta without a rebound.
17:00 of 2nd period - Ryan Nugent-Hopkins wins face-off versus Nicolas Roy in Minnesota North Stars zone.
17:09 of 2nd period - Snap shot by Ryan Nugent-Hopkins.
17:09 of 2nd period - Shot Blocked by Nicolas Roy.
17:11 of 2nd period - Slapshot by Brandon Montour.
17:11 of 2nd period - Shot Blocked by Ryan Pulock.
17:13 of 2nd period - Wrist shot by Brock Nelson.
17:13 of 2nd period - Stopped by Cam Talbot with a rebound.
17:15 of 2nd period - Snap shot by Brock Nelson.
17:15 of 2nd period - Goal by Brock Nelson - Toronto Maple Leafs : 0 - Minnesota North Stars : 2.
17:16 of 2nd period - Sam Bennett wins face-off versus Jack Hughes in neutral zone.
17:23 of 2nd period - Wrist shot by Sam Bennett.
17:23 of 2nd period - Shot Misses the Net.
17:29 of 2nd period - Snap shot by Jack Hughes.
17:29 of 2nd period - Stopped by Cam Talbot with a rebound.
17:31 of 2nd period - Snap shot by Adam Lowry.
17:31 of 2nd period - Shot Blocked by Aaron Ekblad.
17:33 of 2nd period - Snap shot by Viktor Arvidsson.
17:33 of 2nd period - Shot Misses the Net.
17:49 of 2nd period - Icing by Brock Nelson.
17:50 of 2nd period - Scott Laughton wins face-off versus Ryan Nugent-Hopkins in Minnesota North Stars zone.
17:51 of 2nd period - Snap shot by Trevor Zegras.
17:51 of 2nd period - Stopped by Antti Raanta with a rebound.
18:05 of 2nd period - Wrist shot by Brock Nelson.
18:05 of 2nd period - Stopped by Cam Talbot with a rebound.
18:07 of 2nd period - Slapshot by Rasmus Dahlin.
18:07 of 2nd period - Deflect By Ryan Nugent-Hopkins.
18:07 of 2nd period - Shot Misses the Net.
18:07 of 2nd period - Puck is out of play.
18:08 of 2nd period - Sam Bennett wins face-off versus Jack Hughes in Toronto Maple Leafs zone.
18:23 of 2nd period - Backhand shot by Brady Tkachuk.
18:23 of 2nd period - Stopped by Antti Raanta with a rebound.
19:28 of 2nd period - Slapshot by Brandon Montour.
19:28 of 2nd period - Shot Blocked by Warren Foegele.
19:38 of 2nd period - Jonathan Toews is hit by Sam Bennett and loses puck.
Goals for this period are 0 for Toronto Maple Leafs vs 1 for Minnesota North Stars.
Shots for this period are 15 for Toronto Maple Leafs vs 8 for Minnesota North Stars.
3rd period
0:01 of 3rd period - Sam Bennett wins face-off versus Jack Hughes in neutral zone.
0:17 of 3rd period - Off-side.
0:18 of 3rd period - Scott Laughton wins face-off versus Ryan Nugent-Hopkins in neutral zone.
0:25 of 3rd period - Slapshot by Trevor Zegras.
0:25 of 3rd period - Shot Blocked by Brock Nelson.
0:49 of 3rd period - Snap shot by Brady Tkachuk.
0:49 of 3rd period - Shot Misses the Net.
0:51 of 3rd period - Snap shot by Troy Terry.
0:51 of 3rd period - Goal by Troy Terry - Toronto Maple Leafs : 1 - Minnesota North Stars : 2.
0:52 of 3rd period - Sam Bennett wins face-off versus Jack Hughes in neutral zone.
1:07 of 3rd period - Snap shot by Viktor Arvidsson.
1:07 of 3rd period - Stopped by Cam Talbot without a rebound.
1:08 of 3rd period - Scott Laughton wins face-off versus Evgeni Malkin in Toronto Maple Leafs zone.
1:10 of 3rd period - Minor Penalty to Trevor Zegras for Roughing.
1:11 of 3rd period - Scott Laughton wins face-off versus Evgeni Malkin in Toronto Maple Leafs zone.
1:50 of 3rd period - Wrist shot by Evgeni Malkin.
1:50 of 3rd period - Shot Hit the Post.
1:52 of 3rd period - Backhand shot by Evgeni Malkin.
1:52 of 3rd period - Stopped by Cam Talbot without a rebound.
1:53 of 3rd period - Jeff Skinner wins face-off versus Scott Laughton in Toronto Maple Leafs zone.
1:56 of 3rd period - Snap shot by Jeff Skinner.
1:56 of 3rd period - Stopped by Cam Talbot with a rebound.
1:58 of 3rd period - Slapshot by Rasmus Dahlin.
1:58 of 3rd period - Stopped by Cam Talbot without a rebound.
1:59 of 3rd period - Jack Hughes wins face-off versus Scott Laughton in Toronto Maple Leafs zone.
2:00 of 3rd period - Snap shot by Jeff Skinner.
2:00 of 3rd period - Stopped by Cam Talbot without a rebound.
2:01 of 3rd period - Scott Laughton wins face-off versus Jack Hughes in Toronto Maple Leafs zone.
2:06 of 3rd period - Aaron Ekblad is hit by Brock Nelson and loses puck.
3:10 of 3rd period - Penalty to Trevor Zegras is over, Trevor Zegras is back on ice.
3:13 of 3rd period - Jeff Skinner is hit by Brady Tkachuk and loses puck.
3:33 of 3rd period - Rasmus Dahlin is hit by Warren Foegele and loses puck.
4:13 of 3rd period - Slapshot by Rasmus Dahlin.
4:13 of 3rd period - Stopped by Cam Talbot without a rebound.
4:14 of 3rd period - Jack Hughes wins face-off versus Brandon Saad in Toronto Maple Leafs zone.
4:15 of 3rd period - Wrist shot by Viktor Arvidsson.
4:15 of 3rd period - Stopped by Cam Talbot with a rebound.
4:17 of 3rd period - Slapshot by Gustav Forsling.
4:17 of 3rd period - Shot Blocked by Trevor Zegras.
4:19 of 3rd period - Snap shot by Adam Lowry.
4:19 of 3rd period - Shot Misses the Net.
4:21 of 3rd period - Snap shot by Viktor Arvidsson.
4:21 of 3rd period - Shot Blocked by Trevor Zegras.
4:23 of 3rd period - Slapshot by Gustav Forsling.
4:23 of 3rd period - Stopped by Cam Talbot with a rebound.
4:45 of 3rd period - Snap shot by Eeli Tolvanen.
4:45 of 3rd period - Deflect By Evan Rodrigues.
4:45 of 3rd period - Stopped by Cam Talbot without a rebound.
4:46 of 3rd period - Evgeni Malkin wins face-off versus Sam Bennett in Toronto Maple Leafs zone.
5:25 of 3rd period - Wrist shot by Jeff Skinner.
5:25 of 3rd period - Shot Misses the Net.
5:27 of 3rd period - Slapshot by Sean Durzi.
5:27 of 3rd period - Stopped by Cam Talbot with a rebound.
5:34 of 3rd period - Icing by Nicolas Roy.
5:35 of 3rd period - Jack Hughes wins face-off versus Scott Laughton in Toronto Maple Leafs zone.
5:36 of 3rd period - Snap shot by Viktor Arvidsson.
5:36 of 3rd period - Stopped by Cam Talbot without a rebound.
5:37 of 3rd period - Jack Hughes wins face-off versus Scott Laughton in Toronto Maple Leafs zone.
5:43 of 3rd period - Wrist shot by Jack Hughes.
5:43 of 3rd period - Stopped by Cam Talbot with a rebound.
5:45 of 3rd period - Snap shot by Adam Lowry.
5:45 of 3rd period - Stopped by Cam Talbot with a rebound.
5:47 of 3rd period - Slapshot by Rasmus Dahlin.
5:47 of 3rd period - Deflect By Jack Hughes.
5:47 of 3rd period - Shot Blocked by Aaron Ekblad.
5:47 of 3rd period - Puck is out of play.
5:48 of 3rd period - Evgeni Malkin wins face-off versus Troy Terry in Toronto Maple Leafs zone.
5:49 of 3rd period - Slapshot by Brandon Montour.
5:49 of 3rd period - Shot Blocked by Troy Terry.
6:22 of 3rd period - Wrist shot by Jack Hughes.
6:22 of 3rd period - Deflect By Adam Lowry.
6:22 of 3rd period - Shot Blocked by Aaron Ekblad.
6:22 of 3rd period - Puck is out of play.
6:23 of 3rd period - Scott Laughton wins face-off versus Ryan Nugent-Hopkins in Toronto Maple Leafs zone.
6:34 of 3rd period - Wrist shot by Brandon Saad.
6:34 of 3rd period - Shot Misses the Net.
7:10 of 3rd period - Icing by Neal Pionk.
7:11 of 3rd period - Jack Hughes wins face-off versus Nino Niederreiter in Minnesota North Stars zone.
7:39 of 3rd period - Off-side.
7:40 of 3rd period - Ryan Nugent-Hopkins wins face-off versus Sam Bennett in neutral zone.
8:01 of 3rd period - Slapshot by Jeff Skinner.
8:01 of 3rd period - Shot Blocked by Ryan Pulock.
8:03 of 3rd period - Slapshot by Brandon Montour.
8:03 of 3rd period - Stopped by Cam Talbot with a rebound.
8:17 of 3rd period - Slapshot by Dougie Hamilton.
8:17 of 3rd period - Stopped by Antti Raanta without a rebound.
8:18 of 3rd period - Evgeni Malkin wins face-off versus Scott Laughton in Minnesota North Stars zone.
8:27 of 3rd period - Frank Vatrano is hit by Brandon Saad.
8:33 of 3rd period - Trevor Zegras is hit by Frank Vatrano and loses puck.
8:54 of 3rd period - Minor Penalty to Jamie Oleksiak for Hooking.
8:55 of 3rd period - Adam Lowry wins face-off versus Sam Bennett in Minnesota North Stars zone.
9:07 of 3rd period - Wrist shot by Brady Tkachuk.
9:07 of 3rd period - Shot Misses the Net.
9:16 of 3rd period - Icing by Sam Bennett.
9:17 of 3rd period - Sam Bennett wins face-off versus Adam Lowry in Toronto Maple Leafs zone.
10:23 of 3rd period - Snap shot by Troy Terry.
10:23 of 3rd period - Shot Misses the Net.
10:25 of 3rd period - Slapshot by Dougie Hamilton.
10:25 of 3rd period - Stopped by Antti Raanta with a rebound.
10:39 of 3rd period - Wrist shot by Brady Tkachuk.
10:39 of 3rd period - Shot Misses the Net.
10:43 of 3rd period - Snap shot by Brady Tkachuk.
10:43 of 3rd period - Stopped by Antti Raanta with a rebound.
10:45 of 3rd period - Snap shot by Troy Terry.
10:45 of 3rd period - Goal by Troy Terry - Toronto Maple Leafs : 2 - Minnesota North Stars : 2.
10:46 of 3rd period - Jack Hughes wins face-off versus Scott Laughton in neutral zone.
11:51 of 3rd period - Slapshot by Aaron Ekblad.
11:51 of 3rd period - Shot Misses the Net.
11:53 of 3rd period - Snap shot by Trevor Zegras.
11:53 of 3rd period - Shot Misses the Net.
11:55 of 3rd period - Slapshot by Scott Laughton.
11:55 of 3rd period - Shot Blocked by Rasmus Dahlin.
11:57 of 3rd period - Snap shot by Scott Laughton.
11:57 of 3rd period - Shot Misses the Net.
12:11 of 3rd period - Slapshot by Rasmus Dahlin.
12:11 of 3rd period - Stopped by Cam Talbot without a rebound.
12:12 of 3rd period - Jack Hughes wins face-off versus Nicolas Roy in Toronto Maple Leafs zone.
12:37 of 3rd period - Dougie Hamilton is hit by Evgeni Malkin and loses puck.
12:46 of 3rd period - Snap shot by Trevor Zegras.
12:46 of 3rd period - Stopped by Antti Raanta without a rebound.
12:47 of 3rd period - Ryan Nugent-Hopkins wins face-off versus Troy Terry in Minnesota North Stars zone.
12:52 of 3rd period - Snap shot by Jeff Skinner.
12:52 of 3rd period - Shot Blocked by Mario Ferraro.
12:54 of 3rd period - Snap shot by Brock Nelson.
12:54 of 3rd period - Stopped by Cam Talbot with a rebound.
12:56 of 3rd period - Slapshot by Gustav Forsling.
12:56 of 3rd period - Shot Blocked by Mario Ferraro.
12:58 of 3rd period - Slapshot by Brandon Montour.
12:58 of 3rd period - Stopped by Cam Talbot with a rebound.
13:59 of 3rd period - Neal Pionk is hit by Dougie Hamilton.
14:05 of 3rd period - Nick Bjugstad is hit by Jonathan Toews and loses puck.
14:50 of 3rd period - Snap shot by Scott Laughton.
14:50 of 3rd period - Stopped by Antti Raanta without a rebound.
14:51 of 3rd period - Evgeni Malkin wins face-off versus Sam Bennett in Minnesota North Stars zone.
15:19 of 3rd period - Nicolas Roy is hit by Viktor Arvidsson and loses puck.
15:33 of 3rd period - Icing by Nino Niederreiter.
15:34 of 3rd period - Ryan Nugent-Hopkins wins face-off versus Nicolas Roy in Toronto Maple Leafs zone.
16:07 of 3rd period - Snap shot by Kyle Okposo.
16:07 of 3rd period - Stopped by Antti Raanta without a rebound.
16:08 of 3rd period - Jack Hughes wins face-off versus Nick Bjugstad in Minnesota North Stars zone.
16:23 of 3rd period - Wrist shot by Viktor Arvidsson.
16:23 of 3rd period - Shot Blocked by Nick Bjugstad.
16:25 of 3rd period - Slapshot by Jack Hughes.
16:25 of 3rd period - Stopped by Cam Talbot with a rebound.
16:57 of 3rd period - Wrist shot by Jonathan Toews.
16:57 of 3rd period - Stopped by Cam Talbot with a rebound.
17:50 of 3rd period - Minor Penalty to Scott Laughton for High sticking.
17:51 of 3rd period - Brady Tkachuk wins face-off versus Jack Hughes in Toronto Maple Leafs zone.
17:55 of 3rd period - Wrist shot by Cody Ceci.
17:55 of 3rd period - Shot Misses the Net.
17:58 of 3rd period - Icing by Rasmus Dahlin.
17:59 of 3rd period - Jack Hughes wins face-off versus Brady Tkachuk in Minnesota North Stars zone.
18:48 of 3rd period - Snap shot by Jeff Skinner.
18:48 of 3rd period - Shot Misses the Net.
18:54 of 3rd period - Snap shot by Brock Nelson.
18:54 of 3rd period - Stopped by Cam Talbot without a rebound.
18:55 of 3rd period - Evgeni Malkin wins face-off versus Brady Tkachuk in Toronto Maple Leafs zone.
19:50 of 3rd period - Penalty to Scott Laughton is over, Scott Laughton is back on ice.
Goals for this period are 2 for Toronto Maple Leafs vs 0 for Minnesota North Stars.
Shots for this period are 8 for Toronto Maple Leafs vs 20 for Minnesota North Stars.
Overtime #1
0:01 of 1st overtime period - Evgeni Malkin wins face-off versus Brady Tkachuk in neutral zone.
0:08 of 1st overtime period - Wrist shot by Ryan Nugent-Hopkins.
0:08 of 1st overtime period - Stopped by Cam Talbot without a rebound.
0:09 of 1st overtime period - Brady Tkachuk wins face-off versus Ryan Nugent-Hopkins in Toronto Maple Leafs zone.
0:14 of 1st overtime period - Snap shot by Sam Bennett.
0:14 of 1st overtime period - Stopped by Antti Raanta without a rebound.
0:15 of 1st overtime period - Scott Laughton wins face-off versus Jack Hughes in Minnesota North Stars zone.
0:28 of 1st overtime period - Wrist shot by Brandon Montour.
0:28 of 1st overtime period - Stopped by Cam Talbot without a rebound.
0:29 of 1st overtime period - Brady Tkachuk wins face-off versus Ryan Nugent-Hopkins in Toronto Maple Leafs zone.
0:38 of 1st overtime period - Ryan Pulock is hit by Ryan Nugent-Hopkins and loses puck.
3:56 of 1st overtime period - Wrist shot by Nino Niederreiter.
3:56 of 1st overtime period - Deflect By Brandon Saad.
3:56 of 1st overtime period - Shot Blocked by Sean Durzi.
3:56 of 1st overtime period - Puck is out of play.
3:57 of 1st overtime period - Brady Tkachuk wins face-off versus Viktor Arvidsson in Minnesota North Stars zone.
Goals for this period are 0 for Toronto Maple Leafs vs 0 for Minnesota North Stars.
Shots for this period are 1 for Toronto Maple Leafs vs 2 for Minnesota North Stars.
ShootOut
5:00 of 1st overtime period - Round #1.
5:00 of 1st overtime period - Toronto Maple Leafs, Brady Tkachuk.
5:00 of 1st overtime period - Backhand shot by Brady Tkachuk.
5:00 of 1st overtime period - Stopped by Antti Raanta.
5:00 of 1st overtime period - Minnesota North Stars, Ryan Nugent-Hopkins.
5:00 of 1st overtime period - Snap shot by Ryan Nugent-Hopkins.
5:00 of 1st overtime period - Stopped by Cam Talbot.
5:00 of 1st overtime period - Round #2.
5:00 of 1st overtime period - Toronto Maple Leafs, Sam Bennett.
5:00 of 1st overtime period - Deke by Sam Bennett.
5:00 of 1st overtime period - Stopped by Antti Raanta.
5:00 of 1st overtime period - Minnesota North Stars, Evgeni Malkin.
5:00 of 1st overtime period - Backhand shot by Evgeni Malkin.
5:00 of 1st overtime period - Stopped by Cam Talbot.
5:00 of 1st overtime period - Round #3.
5:00 of 1st overtime period - Toronto Maple Leafs, Scott Laughton.
5:00 of 1st overtime period - Deke by Scott Laughton.
5:00 of 1st overtime period - Stopped by Antti Raanta.
5:00 of 1st overtime period - Minnesota North Stars, Brock Nelson.
5:00 of 1st overtime period - Wrist shot by Brock Nelson.
5:00 of 1st overtime period - Stopped by Cam Talbot.
5:00 of 1st overtime period - Round #4.
5:00 of 1st overtime period - Toronto Maple Leafs, Trevor Zegras.
5:00 of 1st overtime period - Deke by Trevor Zegras.
5:00 of 1st overtime period - Goal by Trevor Zegras.
5:00 of 1st overtime period - Minnesota North Stars, Jeff Skinner.
5:00 of 1st overtime period - Snap shot by Jeff Skinner.
5:00 of 1st overtime period - Goal by Jeff Skinner.
5:00 of 1st overtime period - Round #5.
5:00 of 1st overtime period - Toronto Maple Leafs, Troy Terry.
5:00 of 1st overtime period - Snap shot by Troy Terry.
5:00 of 1st overtime period - Shot Misses the Net.
5:00 of 1st overtime period - Minnesota North Stars, Jack Hughes.
5:00 of 1st overtime period - Wrist shot by Jack Hughes.
5:00 of 1st overtime period - Goal by Jack Hughes.
Back to the Top